 Dungeon Crawl Stone Soup version 0.28.0 (webtiles) character file.

Game seed: 5783779462418831882

9 Mitsuki the Firebug (level 2, 15/15 HPs)
             Began as a Deep Elf Fire Elementalist on Feb 7, 2022.
             Was a Follower of Makhleb.
             Quit the game on level 1 of the Dungeon.
             The game lasted 00:01:15 (283 turns).

Mitsuki the Firebug (Deep Elf Fire Elementalist)     Turns: 283, Time: 00:01:16

Health: 15/15      AC:  2    Str:  5    XL:     2   Next: 6%
Magic:  8/8        EV: 12    Int: 19    God:    Makhleb [*.....]
Gold:   24         SH:  0    Dex: 15    Spells: 6/7 levels left

rFire   . . .      SeeInvis .   c - +0 dagger
rCold   . . .      Faith    .   (no shield)
rNeg    . . .      Spirit   .   a - +0 robe
rPois   .          Reflect  .   (no helmet)
rElec   .          Harm     .   (no cloak)
rCorr   .          Rampage  .   (no gloves)
Will    .....                   (no boots)
Stlth   ++........              (no amulet)
HPRegen 0.05/turn               (no ring)
MPRegen 0.11/turn               (no ring)

@: no status effects
A: no striking features
a: Renounce Religion


You were on level 1 of the Dungeon.
You worshipped Makhleb.
Makhleb was aware of your devotion.
You visited 1 branch of the dungeon, and saw 1 of its levels.

You collected 24 gold pieces.

Inventory:

Hand Weapons
 c - a +0 dagger (weapon)
Armour
 a - a +0 robe (worn)
Scrolls
 b - 2 scrolls of identify {unknown}
 d - a scroll of magic mapping {unknown}


   Skills:
 - Level 2.4 Dodging
 - Level 2.4 Stealth
 + Level 3.2 Spellcasting
 + Level 1.4 Conjurations
 * Level 3.6 Fire Magic


You had 6 spell levels left.
You knew the following spells:

 Your Spells              Type           Power      Damage    Failure   Level
a - Foxfire               Conj/Fire      48%        2x1d6     5%          1

Your spell library contained the following spells:

 Spells                   Type           Power      Damage    Failure   Level
 Scorch                   Fire           34%        2d6       4%          2
 Conjure Flame            Conj/Fire      12%        6-21      16%         3
 Inner Flame              Hex/Fire       10%        N/A       22%         3
 Flame Wave               Conj/Fire      12%        2d6       45%         4


Dungeon Overview and Level Annotations

Branches:
Dungeon (1/15)

Altars:
Makhleb


Message History

A hobgoblin comes into view.
You regained 2 mp, and now have 6/8 mp.
Casting: Foxfire (safe; 5% risk of failure)
Confirm with . or Enter, or press ? or * to list all spells.
You conjure some foxfire!
You now have 5/8 mp.
Casting: Foxfire (safe; 5% risk of failure)
Confirm with . or Enter, or press ? or * to list all spells.
You conjure some foxfire!
The foxfire hits the hobgoblin.
The hobgoblin is almost dead.
You now have 4/8 mp.
Casting: Foxfire (safe; 5% risk of failure)
Confirm with . or Enter, or press ? or * to list all spells.
You conjure some foxfire!
The foxfire hits the hobgoblin but does no damage.
The hobgoblin is almost dead.
The foxfire hits the hobgoblin.
You kill the hobgoblin!
Your foxfire dissipates! x3
c - a +0 dagger MP restored: 8
c - a +0 dagger (weapon)
You now have 14 gold pieces.
You now have 24 gold pieces (gained 10).
Found 18 bolts.
Found a faded altar of an unknown god.
d - a scroll labelled NATRAISIES
There is a faded altar of an unknown god here.
You cannot tell which god this altar belongs to.
Convert to them anyway?
Okay, then.
You cannot tell which god this altar belongs to.
Convert to them anyway?
Uppercase [Y]es or [N]o only, please.
You cannot tell which god this altar belongs to.
Convert to them anyway?
Makhleb accepts your prayer! Makhleb welcomes you!
You can now gain health from killing.
Okay, then.
Are you sure you want to abandon this character and quit the game? (Confirm with "yes".)
Okay, then.
Are you sure you want to abandon this character and quit the game? (Confirm with "yes".)

# #..# #. #..########
##.#########
#..........
...........#
#..........
##......(###..........
#.....P...##.....[....
#.P..P♣...##..........
#..♣....P.#.....†.....
#.P♣.@♣P..............
#......♣..........†...
#..♣♣.♣P..#...........
#.P...PPP.#...........
##.......##.....†.....
#.###..###.##########
.......# #########


There were no monsters in sight!

Vanquished Creatures
  A bat (D:1)
  An endoplasm (D:1)
  2 giant cockroaches (D:1)
  A goblin (D:1)
  A hobgoblin (D:1)
  2 rats (D:1)
8 creatures vanquished.

Vanquished Creatures (others)
  34 foxfires (D:1)
  A fungus (D:1)
  A plant (D:1)
36 creatures vanquished.

Grand Total: 44 creatures vanquished

Notes
Turn   | Place    | Note
-------+----------+-------------------------------------------
     0 | D:1      | Mitsuki the Deep Elf Fire Elementalist began the quest for
                  | the Orb.
     0 | D:1      | Reached XP level 1. HP: 10/10 MP: 6/6
   193 | D:1      | Reached XP level 2. HP: 15/15 MP: 4/8
   272 | D:1      | Found a faded altar of an unknown god.
   282 | D:1      | Prayed at the altar of an unknown god.
   282 | D:1      | Became a worshipper of Makhleb the Destroyer
   282 | D:1      | Reached * piety under Makhleb
   283 | D:1      | Quit the game

Illustrated notes

Levels and vault maps discovered:
D:1:      saegor_arrival_miasma, layout_loops_ring,
          dreamdust_ecumenical_altar_grove

Action                   || total
-------------------------++-------
Melee: Unarmed           ||     1
 Cast: Foxfire           ||    20
Armor: Robe              ||     2
Dodge: Dodged            ||     5
